 Dungeon Sprint DCSS version 0.30-a0-743-gbfdf073431 (webtiles) character file.

Game seed: 14882701972741402140

1185 sircluck the Imperceptible (level 8, -20/42 HPs)
             Began as a Spriggan Brigand on Feb 6, 2023.
             Killed from afar by a lindwurm (40 damage)
             ... with a blast of flame
             ... in the Dungeon (Sprint I: "Red Sonja").
             The game lasted 00:03:14 (308 turns).

sircluck the Imperceptible (Spriggan Brigand)        Turns: 308, Time: 00:03:15

Health: -20/42     AC:  3    Str:  7    XL:     8   Next: 19%
Magic:  9/9        EV: 18    Int: 12    God:
Gold:   450        SH:  0    Dex: 19    Spells: 7/7 levels left

rFire   . . .      SeeInvis +    n - +3 dagger
rCold   . . .      Faith    .    (no shield)
rNeg    . . .      Spirit   .    b - +0 robe
rPois   .          Reflect  .    (helmet restricted)
rElec   .          Harm     .    c - +0 cloak
rCorr   .          Rampage  .    (gloves unavailable)
Will    +....      NoTele   +    (boots unavailable)
Stlth   ++++++++                 (no amulet)
HPRegen 0.27/turn                (no ring)
MPRegen 0.11/turn                (no ring)

@: very quick
A: very small, no large weapons, unfitting armour, see invisible, speed 3
a: no special abilities


You were in the Dungeon.
You visited 1 branch You collected 450 gold pieces.

Inventory:

Hand Weapons
 a - a +2 dagger
 m - a +2 scythe of venom
 n - a +3 dagger (weapon)
Missiles
 d - 9 poisoned darts (quivered)
 e - 3 curare-tipped darts
Armour
 b - a +0 robe (worn)
 c - a +0 cloak (worn)
Wands
 l - a wand of digging (2)
Scrolls
 k - a scroll of blinking
 o - 3 scrolls of vulnerability {unknown}
Potions
 f - a potion of curing
 g - a potion of heal wounds
 h - 2 potions of haste
 i - 2 potions of magic
 j - a potion of berserk rage


   Skills:
 + Level 4.5 Fighting
 + Level 7.3 Short Blades
 + Level 7.7 Throwing
 + Level 3.4 Dodging
 + Level 21.4 Stealth


You had 7 spell levels left.
You didn't know any spells.
Your spell library was empty.

Dungeon Overview and Level Annotations

Branches:
Dungeon (1/1)

Altars:
Cheibriados
Dithmenos
Elyvilon
Fedhas
Gozag
Hepliaklqana
Kikubaaqudgha
Makhleb
Nemelex Xobeh
Okawaru
Qazlal
Ru
Sif Muna
Trog
Uskayaw
Vehumet
Wu Jian
Xom
Yredelemnul
Zin
The Shining One
Jiyva
Lugonu

Shops:
D *

Annotations:
D Sonja


Innate Abilities, Weirdness & Mutations

You are very small and have problems with some larger weapons.
You are too small for most types of armour.
You have supernaturally acute eyesight. (SInv)
You cover ground extremely quickly. (Speed+++)


Message History

Things that are here:
a +0 dagger; a +0 robe; a kobold corpse
Things that are here:
a +3 dagger; a +0 robe
n - a +3 dagger
n - a +3 dagger (weapon)
Aiming: Dig
Press: ? - help, Q - select action, (/) - cycle Shift-Dir - straight line You can't see that place.
The rock shatters into small pieces.
Found 3 scrolls labelled VAUWER WOKUT and 48 gold pieces.
o - 3 scrolls labelled VAUWER WOKUT
Found 27 gold pieces.
You now have 450 gold pieces (gained 21).
Found 54 gold pieces.
A lindwurm comes into view.
Found 27 gold pieces.
You hit the lindwurm.
The lindwurm is lightly wounded.
You hit the lindwurm but do no damage.
The lindwurm is lightly wounded.
The lindwurm closely misses you. The lindwurm claws you!
The lindwurm claws you but does no damage.
You hit the lindwurm but do no damage.
The lindwurm is lightly wounded.
You hit the lindwurm but do no damage.
The lindwurm is lightly wounded.
The lindwurm bites you! The lindwurm misses you.
The lindwurm closely misses you.
You hit the lindwurm. You punch the lindwurm.
The lindwurm is lightly wounded.
The lindwurm misses you. The lindwurm claws you.
The lindwurm completely misses you.
You see here 27 gold pieces.
You hit the lindwurm.
The lindwurm is lightly wounded.
The lindwurm breathes flames at you. The blast of flame hits you!!!
Ouch! That really hurt!
You die...

####################
.#__#..'..§..§§§@§§+
.'..'..#..§##+#k####
'#__####)..+ #§#
.#### ##### +§# .#
.+ _# '# .#


You could see a lindwurm (catching breath).

Vanquished Creatures
  2 kobold demonologists (D)
  Sigmund (D)
  A slime creature (D)
  A yak (D)
  A floating eye (D)
  An ogre (D)
  A jelly (D)
  Ijyb (D)
9 creatures vanquished.

Notes
Turn   | Place    | Note
-------+----------+-------------------------------------------
     0 | D        | sircluck the Spriggan Brigand began the quest for the Orb.
     0 | D        | Reached XP level 1. HP: 10/10 MP: 2/2
     2 | D        | Noticed Ijyb
    16 | D        | Killed Ijyb
    17 | D        | Reached skill level 9 in Stealth
    17 | D        | Reached XP level 2. HP: 10/15 MP: 3/3
    40 | D        | Noticed an ogre
    47 | D        | Killed an ogre
    48 | D        | Reached skill level 12 in Stealth
    48 | D        | Reached XP level 3. HP: 3/19 MP: 4/4
    48 | D        | Reached XP level 4. HP: 3/23 MP: 5/5
   144 | D        | Noticed Sigmund
   147 | D        | Killed Sigmund
   148 | D        | Reached skill level 5 in Short Blades
   148 | D        | Reached skill level 5 in Throwing
   148 | D        | Reached skill level 15 in Stealth
   148 | D        | Reached XP level 5. HP: 28/28 MP: 6/6
   166 | D        | Found an ornate altar of the Wu Jian Council.
   166 | D        | Found a shimmering blue altar of Sif Muna.
   171 | D        | Found a radiant altar of Vehumet.
   175 | D        | Reached skill level 16 in Stealth
   175 | D        | Reached XP level 6. HP: 25/32 MP: 7/7
   195 | D        | Found Zimm's Assorted Antiques.
   195 | D        | Found an ancient bone altar of Kikubaaqudgha.
   195 | D        | Found a hazy altar of Hepliaklqana.
   195 | D        | Found a stormy altar of Qazlal.
   195 | D        | Found a hide-covered altar of Uskayaw.
   195 | D        | Found a blossoming altar of Fedhas.
   195 | D        | Found a bloodstained altar of Trog.
   195 | D        | Found an iron altar of Okawaru.
   195 | D        | Found a basalt altar of Yredelemnul.
   195 | D        | Found a glowing golden altar of the Shining One.
   195 | D        | Found a snail-covered altar of Cheibriados.
   195 | D        | Found a sacrificial altar of Ru.
   195 | D        | Found a glowing silver altar of Zin.
   195 | D        | Found a shadowy altar of Dithmenos.
   195 | D        | Found a white marble altar of Elyvilon.
   195 | D        | Noticed a yak
   196 | D        | Found an opulent altar of Gozag.
   197 | D        | Killed a yak
   198 | D        | Reached skill level 17 in Stealth
   198 | D        | Found a sparkling altar of Nemelex Xobeh.
   249 | D        | Noticed Sonja
   259 | D        | Found a burning altar of Makhleb.
   259 | D        | Found a viscous altar of Jiyva.
   259 | D        | Found a shimmering altar of Xom.
   259 | D        | Found a corrupted altar of Lugonu.
   259 | D        | Noticed a slime creature
   262 | D        | Killed a slime creature
   263 | D        | Reached skill level 18 in Stealth
   263 | D        | Reached XP level 7. HP: 37/37 MP: 8/8
   275 | D        | Noticed a kobold demonologist
   276 | D        | Noticed a kobold demonologist
   278 | D        | Killed a kobold demonologist
   279 | D        | Reached skill level 20 in Stealth
   281 | D        | Killed a kobold demonologist
   282 | D        | Reached skill level 21 in Stealth
   282 | D        | Reached XP level 8. HP: 42/42 MP: 9/9
   300 | D        | Noticed a lindwurm
   308 | D        | Killed from afar by a lindwurm

Illustrated notes

Levels and vault maps discovered:
D:        dungeon_sprint_1 [red_sonja_temple_1, red_sonja_temple_small_1]

Skill      XL: |  1  2  3  4  5  6  7 |
---------------+----------------------+-----
Fighting       | 2 3 4 |  4.5
Short Blades   | 3 4 5 6 7 |  7.3
Stealth        | 9 12 15 16 18 21 | 21.4
Throwing       | 3 5 6 7 |  7.7
Dodging        | 2 3 |  3.4

Action                     |  1- 3 |  4- 6 |  7- 9 || total
---------------------------+-------+-------+-------++-------
  Melee: Dagger            |    13 |     5 |     9 ||    27
         Punch             |       |       |     1 ||     1
  Throw: Dart              |     5 |     6 |       ||    11
  Evoke: Wand              |       |       |     1 ||     1
   Stab: Sleeping          |       |     2 |     3 ||     5
 Armour: Robe              |       |       |     1 ||     1
  Dodge: Dodged            |     3 |     3 |     5 ||    11

Table legend: (Time is in decaauts)
 A = Elapsed time spent in this place.
 B = Non-inter-level travel time spent in this place.
 C = Inter-level travel time spent in this place.
 D = Time resting spent in this place.
 E = Time spent auto-exploring this place.
 F = Levels seen in this place.
 G = Mean time per level.
                   A        B        C        D        E       F      G
               +--------+--------+--------+--------+--------+-----+--------+
         Total |    247 |    247 |      0 |     91 |      0 |   1 |  247.0 |
       Dungeon |    247 |    247 |      0 |     91 |      0 |   1 |  247.0 |
               +--------+--------+--------+--------+--------+-----+--------+

Top non-repeatable levels by time:
       D: 247 daAuts
